 Dungeon Crawl Stone Soup version 0.31-a0-692-gf03d1854d5 (webtiles) character file.

Game seed: 13282283972297711568

38 qw the Shooter (level 3, -5/21 HPs)
             Began as a Gargoyle Hunter on Sept 6, 2023.
             Slain by an ogre
             ... wielding a +0 giant spiked club
              (25 damage)
             ... on level 3 of the Dungeon.
             The game lasted 00:00:23 (1261 turns).

qw the Shooter (Gargoyle Hunter)                    Turns: 1261, Time: 00:00:24

Health: -5/21      AC:  8    Str: 14    XL:     3   Next: 43%
Magic:  3/3        EV: 10    Int:  9    God:
Gold:   113        SH:  0    Dex: 15    Spells: 2/2 levels left

rFire   . . .        Y - +1 shortbow
rCold   . . .        (shield currently unavailable)
rNeg    + . .        g - +0 ring mail
rPois   inf          (no helmet)
rElec   +            (no cloak)
rCorr   .            (no gloves)
SInv    .            (no boots)
Will    .....        (no amulet)
Stlth   +            (no ring)
HPRegen 0.23/turn    (no ring)
MPRegen 0.08/turn

%: no passive effects
@: no status effects
A: sickness immunity, AC +3, negative energy resistance 1, electricity
resistance, torment resistance 1, petrification resistance
a: no special abilities


You were on level 3 of the Dungeon.
You visited 1 branch of the dungeon, and saw 3 of its levels.

You collected 113 gold pieces.


Innate Abilities, Weirdness & Mutations

You are immune to sickness and miasma.
Your stone body is resilient. (AC +3)
You are immune to poison.
You resist negative energy. (rN+)
You are resistant to electric shocks. (rElec)
You are resistant to unholy torment.
You are immune to petrification.


   Skills:
 + Level 2.2 Fighting
 - Level 5.0 Ranged Weapons
 - Level 1.0 Armour
 - Level 1.5 Dodging
 - Level 1.1 Stealth


You had 2 spell levels left.
You didn't know any spells.
Your spell library was empty.

Inventory:

Hand Weapons
 Y - a +1 shortbow (weapon)
Armour
 g - a +0 ring mail (worn)
Scrolls
 a - a scroll of blinking {unknown}
Potions
 b - a potion of resistance {unknown}
 c - a potion of attraction {unknown}
 d - 2 potions of curing
 j - a potion of cancellation {unknown}
 l - a potion of invisibility {unknown}

Dungeon Overview and Level Annotations

Branches:
Dungeon (3/15)

Altars:

Shops:
D:1 (


Message History

1188 ||| DROPPING scroll of immolation.
You drop a scroll of immolation.
Done exploring.
What level of the Dungeon? (default 2, ? - help)
There is a stone staircase leading up here.
There is a stone staircase leading down here.
You climb downwards.
Found 17 gold pieces.
There is a stone staircase leading up here.
Waypoint 2 assigned to D:3.
You now have 113 gold pieces (gained 17).
You open the door.
An endoplasm comes into view.
The endoplasm quivers.
The endoplasm moves out of view.
An endoplasm is nearby!
You shoot an arrow. The arrow hits the endoplasm.
The endoplasm is severely wounded.
You shoot an arrow. The arrow hits the endoplasm.
You kill the endoplasm!
A rat comes into view.
Found a scroll labelled MEOR JUNEMEPNUE.
You shoot an arrow. The arrow hits the rat.
You kill the rat!
a - a scroll labelled MEOR JUNEMEPNUE
Found a chain mail.
Found a stone staircase leading down.
An ogre comes into view. It is wielding a +0 giant spiked club.
You shoot an arrow. The arrow barely misses the ogre.
You shoot an arrow. The arrow hits the ogre.
The ogre is lightly wounded.
You shoot an arrow. The arrow barely misses the ogre.
You shoot an arrow. The arrow barely misses the ogre.
You shoot an arrow. The arrow hits the ogre!
The ogre is heavily wounded.
The ogre hits you with a +0 giant spiked club.
You shoot an arrow. The arrow hits the ogre!
The ogre is severely wounded.
The ogre hits you with a +0 giant spiked club!!
Ouch! That really hurt!
You die...

## .........# . ..
.........# .####
#.##........#
....########...........#
....##.................#
....##.................#
....##...........O.....#
....##..........@..# #
...............#.#.....#
....#..........#.#..##.#
....#...............#
....#...............#
.####..............[#
##....%...#......##...#
<#........#......# ...#
##........#......# .>#


You could see an ogre.

Vanquished Creatures
  An adder (D:2)
  A worm (D:2)
  5 endoplasms
  3 goblins (D:2)
  4 hobgoblins
  3 ball pythons
  2 bats (D:2)
  A frilled lizard (D:2)
  2 kobolds
  3 rats
25 creatures vanquished.

Notes
Turn   | Place    | Note
-------+----------+-------------------------------------------
     0 | D:1      | qw the Gargoyle Hunter began the quest for the Orb.
     0 | D:1      | Reached XP level 1. HP: 12/12 MP: 1/1
     0 | D:1      | 0 ||| qw: Version: 0.3-a-76-g4403597
     0 | D:1      | 0 ||| qw: Game counter: 62
     0 | D:1      | 0 ||| qw: Melee chars always use a shield: true
     0 | D:1      | 0 ||| qw: God list: Okawaru
     0 | D:1      | 0 ||| qw: Allow faded altars: false
     0 | D:1      | 0 ||| qw: Do Orc after clearing Dungeon:15 true
     0 | D:1      | 0 ||| qw: Do second Lair branch before Depths: true
     0 | D:1      | 0 ||| qw: Lair rune preference: random
     0 | D:1      | 0 ||| qw: Goals: Normal
     0 | D:1      | 0 ||| PLANNING D:1-11
    83 | D:1      | Found Xosh's Weapon Shoppe.
   280 | D:1      | Reached XP level 2. HP: 17/17 MP: 2/2
   429 | D:1      | 429 ||| DROPPING scarf of invisibility.
   430 | D:1      | 430 ||| UPGRADING to +0 ring mail.
   440 | D:1      | 440 ||| DROPPING +0 leather armour.
   441 | D:1      | 441 ||| DROPPING scarf of harm.
   442 | D:1      | 442 ||| READING scroll labelled CUIZUT WAASM.
   443 | D:1      | 443 ||| READING scroll labelled CYNAGE XENO.
   444 | D:1      | 444 ||| READING 2 scrolls labelled XUIMAI CUJE.
   445 | D:1      | 445 ||| READING scroll labelled MOJASHR WOSEU.
   446 | D:1      | 446 ||| DROPPING scroll of butterflies.
   447 | D:1      | 447 ||| DROPPING scroll of revelation.
   553 | D:2      | Reached skill level 1 in Armour
   717 | D:2      | Reached XP level 3. HP: 15/21 MP: 3/3
  1072 | D:2      | Reached skill level 5 in Ranged Weapons
  1185 | D:2      | 1185 ||| READING scroll labelled MUWYNUSS PIOFUAMN.
  1186 | D:2      | 1186 ||| READING 2 scrolls labelled HECVUONOIN.
  1187 | D:2      | 1187 ||| DRINKING 3 bubbling sapphire potions.
  1188 | D:2      | 1188 ||| DROPPING scroll of immolation.
  1255 | D:3      | Noticed an ogre
  1261 | D:3      | Slain by an ogre

Levels and vault maps discovered:
D:1:      dpeg_arrival_court, layout_rooms, serial_shops, shop
D:2:      layout_basic, kennysheep_generic_room_3
D:3:      layout_basic, uniq_robin

Skill      XL: |  1  2  3 |
---------------+----------+-----
Armour         | 1 |  1.0
Ranged Weapons | 5 |  5.0
Fighting       | |  2.2
Dodging        | |  1.5
Stealth        | |  1.1

Action                     || total
---------------------------++-------
   Fire: Shortbow          ||    73
    Use: Scroll            ||     6
         Potion            ||     1
 Armour: Ring mail         ||    14
  Dodge: Dodged            ||     4

Table legend:
 A = Non-vault XP
 B = Vault XP
 C = Vault XP percentage of total XP
 D = Non-vault monster count
 E = Vault monster count
 F = Vault count percentage of total count
                 A         B        C        D         E       F
            +---------+---------+-------+---------+---------+-------
      Total |      53 |       2 |   3.6 |      24 |       1 |   4.0
            +---------+---------+-------+---------+---------+-------
        D:1 |      12 |       0 |   0.0 |       7 |       0 |   0.0
        D:2 |      38 |       2 |   5.0 |      15 |       1 |   6.2
        D:3 |       3 |       0 |   0.0 |       2 |       0 |   0.0
            +---------+---------+-------+---------+---------+-------
